 Dungeon Crawl Stone Soup version 0.25-a0-96-g4073cf80fb (webtiles) character file.

Game seed: 12597547318702069272, levelgen mode: deterministic

149 MisterFreud the Slasher (level 5, 0/34 HPs)
             Began as an Octopode Gladiator on Nov 11, 2019.
             Slain by a gnoll
             ... wielding a +0 spear
              (8 damage)
             ... on level 3 of the Dungeon.
             The game lasted 00:03:15 (2135 turns).

MisterFreud the Slasher (Octopode Gladiator)        Turns: 2135, Time: 00:03:15

Health: 0/34       AC:  2    Str: 13    XL:     5   Next: 31%
Magic:  5/5        EV: 14    Int: 11    God:
Gold:   67         SH:  0    Dex: 14    Spells: 4/4 levels left

rFire    . . .     SeeInvis .   a - +1 long sword
rCold    . . .     Gourm    .   (no shield)
rNeg     . . .     Faith    .   b - +1 hat
rPois    .         Spirit   .   (no amulet)
rElec    .         Reflect  .   (no ring)
rCorr    .         Harm     .   (no ring)
MR       .....                  (no ring)
Stlth    ++........             (no ring)
HPRegen  0.11/turn              (no ring)
MPRegen  0.09/turn              (no ring)
                                (no ring)
                                (no ring)

@: no status effects
A: almost no armour, stealthy swim, amphibious, 8 rings, constrict 8, camouflage
1, gelatinous body 1
a: no special abilities


You were on level 3 of the Dungeon.
You were not hungry.

You visited 1 branch of the dungeon, and saw 3 of its levels.

You collected 67 gold pieces.

Inventory:

Hand Weapons
 a - a +1 long sword (weapon)
Missiles
 c - 4 throwing nets (quivered)
 e - 55 stones
 k - 23 bolts
 m - 63 arrows
 o - 29 sling bullets
Armour
 b - a +1 hat (worn)
Scrolls
 i - 3 scrolls of enchant armour
 n - 2 scrolls of fog
Potions
 h - 2 potions of might {unknown}
 j - a potion of flight {unknown}
 q - 2 potions of curing
 r - a potion of magic {unknown}
Comestibles
 d - 4 rations
 f - a chunk of flesh


   Skills:
 - Level 2.0 Fighting
 + Level 5.8 Long Blades
 - Level 2.0 Throwing
 - Level 3.0 Dodging


You had 4 spell levels left.
You didn't know any spells.
Your spell library was empty.

Dungeon Overview and Level Annotations

Branches:
Dungeon (3/15)

Altars:


Innate Abilities, Weirdness & Mutations

You cannot wear most types of armour.
You are very stealthy in the water. (Stealth+)
You are amphibious.
You can wear up to eight rings at the same time.
You can use your tentacles to constrict eight enemies at once.
Your skin changes colour to match your surroundings (Stealth+).
Your rubbery body absorbs attacks. (AC +1, EV +1)


Message History

The gnoll hits you from afar with a +0 spear!
You hit the gnoll but do no damage. You grab the gnoll. You squeeze the gnoll.
The gnoll is moderately wounded.
You constrict the gnoll.
The gnoll hits you from afar with a +0 spear!
The gnoll closely misses you.
You hit the gnoll.
The gnoll is heavily wounded.
You constrict the gnoll, but do no damage.
The gnoll misses you. The gnoll closely misses you.
You hit the gnoll. You squeeze the gnoll.
You kill the gnoll!
The gnoll misses you. The gnoll hits you with a +0 spear.
* * * LOW HITPOINT WARNING * * *
Things that are here:
a +0 whip; a gnoll corpse A bat comes into view.
The gnoll hits you from afar with a +0 spear!
You die...

.................................
.................................
###..............................
#####.................b.........
.................................
######.......................
#####...(................
#.[)......?..###.......
#.<)..........)@.......
#............g##.......
#.........>...# .......
#.............# .......
#.............# .......
#.............. .......
#......................
#.............. .......


You could see a gnoll and a bat.

Vanquished Creatures
  3 gnolls (D:3)
  3 adders
  3 worms (D:2)
  3 leopard geckos (D:1)
  5 orcs
  3 giant cockroaches
  9 goblins
  9 hobgoblins
  10 jackals
  6 kobolds
  3 bats (D:2)
  9 frilled lizards
  6 rats
72 creatures vanquished.

Notes
Turn   | Place    | Note
-------+----------+-------------------------------------------
     0 | D:1      | MisterFreud the Octopode Gladiator began the quest for the
                  | Orb.
     0 | D:1      | Reached XP level 1. HP: 14/14 MP: 1/1
    93 | D:1      | Reached XP level 2. HP: 6/19 MP: 2/2
   432 | D:1      | Reached skill level 4 in Long Blades
   453 | D:1      | Reached XP level 3. HP: 23/24 MP: 3/3
  1112 | D:2      | Reached XP level 4. HP: 28/29 MP: 4/4
  1191 | D:2      | Reached skill level 5 in Long Blades
  1702 | D:3      | Reached XP level 5. HP: 4/34 MP: 5/5
  2135 | D:3      | Slain by a gnoll

Levels and vault maps discovered:
D:1:      dpeg_arrival_rooms_b, layout_loops_cross
D:2:      layout_basic
D:3:      layout_basic, first_ration, st_stairs_14, feat_on_display

Skill      XL: |  1  2  3  4 |
---------------+-------------+-----
Long Blades    | 4 5 |  5.8
Fighting       | |  2.0
Throwing       | |  2.0
Dodging        | |  3.0

Action                   |  1- 3 |  4- 6 || total
-------------------------+-------+-------++-------
Melee: Long sword        |    65 |    50 ||   115
       Constrict         |    22 |    17 ||    39
       Tentacles         |    16 |    12 ||    28
  Use: Scroll            |       |     7 ||     7
 Stab: Sleeping          |     3 |     2 ||     5
  Eat: Chunk             |     1 |     3 ||     4
Armor: Skin              |     5 |     4 ||     9
Dodge: Dodged            |    56 |    42 ||    98
       Rpst.: Long sword |    18 |    10 ||    28

Table legend:
 A = Non-vault XP
 B = Vault XP
 C = Vault XP percentage of total XP
 D = Non-vault monster count
 E = Vault monster count
 F = Vault count percentage of total count
                 A         B        C        D         E       F
            +---------+---------+-------+---------+---------+-------
      Total |     201 |      13 |   6.1 |      71 |       1 |   1.4
            +---------+---------+-------+---------+---------+-------
        D:1 |      50 |       0 |   0.0 |      27 |       0 |   0.0
        D:2 |      81 |       0 |   0.0 |      29 |       0 |   0.0
        D:3 |      70 |      13 |  15.7 |      15 |       1 |   6.2
            +---------+---------+-------+---------+---------+-------
